 Dungeon Crawl Stone Soup version 0.24.0-123-gd5b16e6ec5 (webtiles) character file.

Game seed: 15404010652870578207, levelgen mode: deterministic

1790 Peloso the Carver (level 8, -1/69 HPs)
             Began as a Minotaur Fighter on Dec 28, 2019.
             Was a Follower of Okawaru.
             Killed by divine providence
             ... invoked by an orc priest
              (16 damage)
             ... on level 6 of the Dungeon.
             The game lasted 00:08:46 (5465 turns).

Peloso the Carver (Minotaur Fighter)                Turns: 5465, Time: 00:08:47

Health: -1/69      AC: 12    Str: 21    XL:     8   Next: 82%
Magic:  7/7        EV:  8    Int:  5    God:    Okawaru [*.....]
Gold:   334        SH: 11    Dex: 17    Spells: 7/7 levels left

rFire    . . .     SeeInvis .   a - +0 falchion (freeze)
rCold    . . .     Gourm    +   c - +0 shield
rNeg     . . .     Faith    .   s - +0 chain mail
rPois    .         Spirit   .   (helmet restricted)
rElec    .         Reflect  .   (no cloak)
rCorr    .         Harm     .   m - +0 pair of gloves
MR       .....                  (no boots)
Stlth    ..........             v - amulet of the gourmand
HPRegen  0.21/turn              k - +5 ring of dexterity
MPRegen  0.10/turn              (no ring)

@: no status effects
A: retaliatory headbutt, horns 2
a: Heroism, Renounce Religion


You were on level 6 of the Dungeon.
You worshipped Okawaru.
Okawaru was aware of your devotion.
You were hungry.

You visited 2 branches of the dungeon, and saw 7 of its levels.

You collected 334 gold pieces.

Inventory:

Hand Weapons
 a - a +0 falchion of freezing (weapon)
 b - a +2 dagger of flaming
Armour
 c - a +0 shield (worn)
 m - a +0 pair of gloves (worn)
 n - a +0 scale mail
 s - a +0 chain mail (worn)
Jewellery
 k - a +5 ring of dexterity (left hand)
 r - an uncursed amulet of rage {unknown}
 v - an amulet of the gourmand (around neck)
Wands
 t - a wand of digging (4)
Scrolls
 e - 2 scrolls of fear
 g - 2 scrolls of fog
 h - 2 scrolls of teleportation {unknown}
 i - 2 scrolls of random uselessness {unknown}
 j - 5 scrolls of remove curse
 p - 2 scrolls of enchant armour {unknown}
 q - a scroll of blinking {unknown}
 u - 3 scrolls of magic mapping {unknown}
 x - 2 scrolls of identify
 y - a scroll of immolation {unknown}
Potions
 d - a potion of heal wounds
 l - 3 potions of haste
 o - a potion of flight
 w - a potion of magic
 z - a potion of might
 A - 2 potions of curing
Comestibles
 f - 9 rations


   Skills:
 + Level 5.6 Fighting
 + Level 8.3 Long Blades
 + Level 8.1 Armour
 + Level 2.3 Dodging
 + Level 0.6 Stealth
 + Level 7.4 Shields


You had 7 spell levels left.
You didn't know any spells.
Your spell library contained the following spells:

 Spells                   Type           Power        Failure   Level  Hunger
 Beastly Appendage        Tmut           #.....       100%        1    ##.....
 Corona                   Hex            #......      100%        1    ##.....
 Ensorcelled Hibernation  Hex/Ice        #.....       100%        2    ###....
 Sticks to Snakes         Tmut           #.......     100%        2    ###....
 Confuse                  Hex            #.......     100%        3    ####...
 Dazzling Spray           Conj/Hex       #.....       100%        3    ####...
 Spider Form              Tmut/Pois      #.........   100%        3    ####...
 Tukima's Dance           Hex            #.......     100%        3    ####...
 Ice Form                 Ice/Tmut       #.......     100%        4    #####..
 Blade Hands              Tmut           #.........   100%        5    ######.


Dungeon Overview and Level Annotations

Branches:
Dungeon (6/15)             Temple (1/1) D:5

Altars:
Ashenzari
Hepliaklqana
Okawaru
Trog
Uskayaw
Yredelemnul


Innate Abilities, Weirdness & Mutations

You reflexively headbutt those who attack you in melee.
You have a pair of horns on your head.


Message History

Found 18 stones.
The orc priest mumbles some strange prayers to Beogh against you.
Pain shoots through your body!
Unknown command.
You block the orc priest's attack.
You hit the orc priest. You freeze the orc priest.
The orc priest is heavily wounded.
The orc priest calls down the wrath of Beogh upon you.
Beogh smites you!
You hit the orc priest. You freeze the orc priest.
The orc priest is severely wounded.
You block the orc priest's attack.
The orc priest mumbles some strange prayers to Beogh against you.
Beogh smites you!
* * * LOW HITPOINT WARNING * * *
You barely miss the orc priest.
The orc priest is severely wounded.
The orc priest invokes the aid of Beogh against you.
Beogh smites you!
You die...

####..# ##..........#
###..#
.#...........####...#
...^........ .......##
...................#
.(..........#.....##
#..o.#...... #....##
#.o# #..... #.....#
#@# #....##...... #.#
#............ #.##
#............ #..#
##...........
#..####...........
###...........#.....
##........#..........
##.......####.........
##.........#
#......[..


You could see 2 orc priests.

Vanquished Creatures
  Prince Ribbit (D:6)
  Eustachio (D:6)
  Edmund (D:4)
  A water moccasin (D:4)
  A black bear (D:6)
  2 ice beasts (D:6)
  2 ogres (D:5)
  2 centaurs (D:6)
  3 scorpions
  2 orc priests (D:4)
  4 orc wizards
  Ijyb (D:3)
  4 worker ants (D:4)
  Natasha (twice) (D:3)
  A worker ant zombie (D:6)
  A howler monkey skeleton (D:6)
  2 adders
  3 worms (D:3)
  A dart slug (D:1)
  3 leopard geckos
  10 orcs
  3 bats
  4 giant cockroaches
  10 goblins
  5 hobgoblins
  11 jackals
  11 kobolds
  2 quokkas
  3 ball pythons
  3 frilled lizards
  6 rats
106 creatures vanquished.

Notes
Turn   | Place    | Note
-------+----------+-------------------------------------------
     0 | D:1      | Peloso the Minotaur Fighter began the quest for the Orb.
     0 | D:1      | Reached XP level 1. HP: 19/19 MP: 0/0
    61 | D:1      | Reached XP level 2. HP: 25/27 MP: 1/1
   422 | D:1      | Reached XP level 3. HP: 33/33 MP: 2/2
  1519 | D:3      | Noticed Ijyb
  1530 | D:3      | Killed Ijyb
  1530 | D:3      | Reached XP level 4. HP: 12/41 MP: 3/3
  1901 | D:3      | Reached XP level 5. HP: 23/47 MP: 4/4
  2110 | D:3      | Noticed a +0 hand axe
  2155 | D:3      | Found a hide-covered altar of Uskayaw.
  2155 | D:3      | Noticed a +0 hand axe
  2162 | D:3      | Noticed Natasha
  2170 | D:3      | Killed Natasha
  2170 | D:3      | Reached skill level 1 in Dodging
  2239 | D:3      | Noticed Natasha
  2248 | D:3      | Killed Natasha
  2248 | D:3      | Reached skill level 5 in Armour
  2361 | D:4      | Noticed a water moccasin
  2369 | D:4      | Killed a water moccasin
  2369 | D:4      | Reached skill level 5 in Shields
  2369 | D:4      | Reached XP level 6. HP: 30/53 MP: 5/5
  2476 | D:4      | Noticed Edmund
  2498 | D:4      | Killed Edmund
  2498 | D:4      | Reached skill level 5 in Long Blades
  2684 | D:4      | Reached XP level 7. HP: 17/60 MP: 6/6
  3336 | D:5      | Entered Level 5 of the Dungeon
  3385 | D:5      | Found a shattered altar of Ashenzari.
  3788 | D:5      | Reached skill level 5 in Fighting
  3887 | D:5      | Found a staircase to the Ecumenical Temple.
  3896 | Temple   | Entered the Ecumenical Temple
  3908 | Temple   | Became a worshipper of Warmaster Okawaru
  4469 | D:6      | Noticed Prince Ribbit
  4493 | D:6      | Reached XP level 8. HP: 16/68 MP: 7/7
  4813 | D:6      | Killed Prince Ribbit
  4813 | D:6      | Reached * piety under Okawaru
  5205 | D:6      | Noticed Eustachio
  5225 | D:6      | Killed Eustachio
  5459 | D:6      | Identified the +8 dagger "Momued" {vamp, rElec}
  5465 | D:6      | Killed from afar by an orc priest

Levels and vault maps discovered:
D:1:      onia_arrival_pentagram, layout_basic
D:2:      layout_rooms, chequers_serial_rivers_micro_c, minmay_statues_item,
          kennysheep_path_1, chequers_decorated_corner, minivault_5,
          minmay_misc_feat_cross
D:3:      layout_loops_ring, dancing_weapons_uskayaw, first_ration,
          uniq_natasha, uniq_ijyb
D:4:      layout_basic, uniq_edmund
D:5:      layout_loops_corners, nicolae_ashenzari_panopticon, temple_fountains
D:6:      layout_layer_cave, uniq_prince_ribbit1, uniq_sigmund, uniq_grinder,
          uniq_eustachio
Temple:   compressed_dpeg_circular_temple

Skill      XL: |  1  2  3  4  5  6  7  8 |
---------------+-------------------------+-----
Fighting       | 4 5 |  5.6
Shields        | 4 5 6 7 |  7.4
Armour         | 4 5 6 8 |  8.1
Long Blades    | 3 4 5 7 8 |  8.3
Dodging        | 1 2 |  2.3
Stealth        | |  0.6

Action                   |  1- 3 |  4- 6 |  7- 9 || total
-------------------------+-------+-------+-------++-------
Melee: Long sword        |    93 |    95 |    40 ||   228
       Headbutt          |    12 |    29 |    36 ||    77
       Falchion          |       |       |   107 ||   107
Invok: Heroism           |       |       |     1 ||     1
  Use: Potion            |     5 |     1 |       ||     6
       Scroll            |       |       |     6 ||     6
 Stab: Invisible         |     1 |       |       ||     1
  Eat: Chunk             |     1 |     4 |     9 ||    14
Armor: Scale mail        |    49 |    25 |       ||    74
       Chain mail        |       |       |    61 ||    61
Dodge: Dodged            |    47 |    22 |    43 ||   112
Block: Shield            |    57 |    47 |    82 ||   186
       Rpst.: Long sword |     8 |     6 |     4 ||    18
       Falchion          |       |       |     7 ||     7
